[Event "Titled Tuesday Blitz June 07 Late 2022"]
[White "Jocev, Milan"]
[Black "Wieczorek, Oskar"]
[WhiteFideId "900680"]
[BlackFideId "1133950"]
[WhiteElo "2322"]
[BlackElo "2330"]
[Result "0-1"]
[Round "04"]
[TimeControl "180+1"]
[Date "2022.06.07"]
[WhiteClock "0:00:17"]
[BlackClock "0:00:26"]

1. c4 g6 2. g3 Bg7 3. Bg2 e5 4. Nc3 f5 5. d3 d6 6. h4 Nf6 7. Nd5 c6 8. Nxf6+ Bxf6 9. h5 g5 10. e4 O-O 11. Ne2 f4 12. f3 Kh8 13. Bd2 d5 14. Bc3 d4 15. Bb4 Rg8 16. g4 a5 17. Bd2 Be6 18. Kf2 b5 19. cxb5 cxb5 20. Nc1 Nd7 21. Nb3 a4 22. Nc1 Qc7 23. Bb4 Rgc8 24. Ne2 Qc2 25. Qb1 Bg7 26. Rc1 Qxb1 27. Rcxb1 Bf8 28. Bd2 Nc5 29. Nc1 Kg7 30. Bf1 Kf7 31. Ke1 Bd6 32. a3 Bb3 33. Bb4 Bc2 34. Bxc5 Rxc5 35. Na2 Bxb1 36. Rxb1 Rc2 37. Be2 Rac8 38. Kd1 Bxa3 39. bxa3 Rxa2 0-1


[Site "https://www.chess.com"]

[Event "Titled Tuesday Blitz June 07 Late 2022"]
[White "Licznerski, Lukasz"]
[Black "Grigoriants, Sergey"]
[WhiteFideId "1179250"]
[BlackFideId "4130804"]
[WhiteElo "2387"]
[BlackElo "2502"]
[Result "1/2-1/2"]
[Round "04"]
[TimeControl "180+1"]
[Date "2022.06.07"]
[WhiteClock "0:00:03"]
[BlackClock "0:00:08"]

1. e4 e5 2. Nf3 Nc6 3. Bb5 a6 4. Bxc6 dxc6 5. O-O Bd6 6. d4 exd4 7. Qxd4 f6 8. Nbd2 Be6 9. Qc3 Qd7 10. Nc4 Bxc4 11. Qxc4 O-O-O 12. a4 Ne7 13. b4 Ng6 14. Rb1 Rhe8 15. b5 cxb5 16. axb5 axb5 17. Rxb5 Rxe4 18. Qxe4 Qxb5 19. Be3 Re8 20. Qg4+ Qd7 21. Qh5 b6 22. Ra1 Kb8 23. Qxh7 Ne5 24. Qe4 Qc6 25. Qxc6 Nxc6 26. h4 Nb4 27. Rc1 Nd5 28. Bd2 Kb7 29. Kf1 Bf4 30. Bxf4 Nxf4 31. g3 Nd5 32. c4 Nb4 33. Nd4 g6 34. Rc3 Nc6 35. Nc2 f5 36. Ne3 Re4 37. Nd5 Ne5 38. Nf4 c5 39. f3 Rd4 40. Re3 Nxc4 41. Re7+ Ka6 42. Nxg6 b5 43. h5 b4 44. h6 b3 45. h7 b2 46. Re1 Rd8 47. h8=Q Rxh8 48. Nxh8 Na3 49. Ke2 Kb5 50. Nf7 Kc6 51. Nh6 f4 52. g4 c4 53. Kd2 b1=Q 54. Rxb1 Nxb1+ 55. Kc2 Na3+ 56. Kc3 Kd5 57. Nf7 Nb5+ 58. Kd2 Nd4 59. Ng5 Nc6 60. Nh3 Nd4 61. Ng1 Kc5 62. Kc3 Nb5+ 63. Kd2 Nd4 64. Kc3 Kd5 65. Kd2 Kc6 66. Kc3 Kc5 67. Kd2 Kb4 68. g5 c3+ 69. Kc1 c2 70. Kb2 Kc4 71. g6 Kd3 72. g7 Kd2 73. g8=Q c1=Q+ 74. Ka2 Qc2+ 75. Ka3 Qd3+ 76. Ka4 Ke3 77. Qe8+ Kf2 78. Nh3+ Kg3 79. Ng5 Qa6+ 80. Kb4 Qb6+ 81. Kc4 Nf5 82. Ne4+ Kxf3 83. Nd2+ Kg3 84. Qe1+ Kg4 85. Qe2+ Kg5 86. Ne4+ Kh4 87. Qe1+ Kg4 88. Nc3 Ne3+ 89. Kd3 Qa6+ 90. Kd4 Qe6 91. Qe2+ Kf5 92. Qf3 Qf6+ 93. Kd3 Qd8+ 94. Ke2 Qd6 95. Qh5+ Ke6 96. Qg6+ Kd7 97. Qf7+ Kc6 98. Qb3 Nd5 99. Qb5+ Kc7 100. Nxd5+ Kd8 101. Qc4 Kd7 102. Kf3 Qc6 103. Qe4 Kd6 104. Qxf4+ Kxd5 105. Qe4+ Kc5 106. Qxc6+ Kxc6 1/2-1/2


[Site "https://www.chess.com"]

[Event "Titled Tuesday Blitz June 07 Late 2022"]
[White "Livaic, Leon"]
[Black "Jaracz, Pawel"]
[WhiteFideId "14531534"]
[BlackFideId "1102222"]
[WhiteElo "2540"]
[BlackElo "2459"]
[Result "1-0"]
[Round "04"]
[TimeControl "180+1"]
[Date "2022.06.07"]
[WhiteClock "0:00:36"]
[BlackClock "0:00:08"]

1. d4 Nf6 2. c4 e6 3. Nf3 b6 4. Bf4 Bb4+ 5. Nfd2 Bb7 6. e3 Be7 7. Nc3 c5 8. d5 d6 9. e4 O-O 10. Be2 Nfd7 11. O-O e5 12. Be3 Bg5 13. Bxg5 Qxg5 14. Nb5 Qd8 15. Nxd6 Bc8 16. Bg4 Ba6 17. Bxd7 Qxd7 18. Nf5 g6 19. Ne3 f5 20. exf5 gxf5 21. f4 e4 22. h3 Qg7 23. g4 Bc8 24. Kh2 Qxb2 25. gxf5 Kh8 26. Rg1 Nd7 27. Rb1 Qd4 28. Qe2 Nf6 29. Rg3 Bd7 30. Rbg1 Rg8 31. Rg5 Rae8 32. Nb3 Qd3 33. Qf2 Ref8 34. Qb2 1-0


[Site "https://www.chess.com"]

[Event "Titled Tuesday Blitz June 07 Late 2022"]
[White "Lobanov, Sergei"]
[Black "Mendonca, Mateus Nakajo"]
[WhiteFideId "24183750"]
[BlackFideId "2110954"]
[WhiteElo "2524"]
[BlackElo "2185"]
[Result "1-0"]
[Round "04"]
[TimeControl "180+1"]
[Date "2022.06.07"]
[WhiteClock "0:00:51"]
[BlackClock "0:00:03"]

1. e4 e5 2. Nf3 Nf6 3. d4 Nxe4 4. Bd3 Nc6 5. Nxe5 Nxe5 6. dxe5 Nc5 7. Bc4 d6 8. Qf3 Ne6 9. exd6 Bxd6 10. Nc3 O-O 11. Be3 Be5 12. Bd3 Qf6 13. Qxf6 Bxf6 14. O-O-O c6 15. Ne4 Be7 16. Bc4 Nc7 17. Nc5 b6 18. Nd7 Re8 19. Ne5 Be6 20. Bxe6 Nxe6 21. Nxc6 Bf6 22. Rd7 Nf8 23. Rb7 a5 24. a4 Ne6 25. Rd1 Rec8 26. Rxb6 h5 27. Rd7 g6 28. Ne7+ Bxe7 29. Rxe7 Nf8 30. Rbb7 Rab8 31. Rxf7 1-0


[Site "https://www.chess.com"]

[Event "Titled Tuesday Blitz June 07 Late 2022"]
[White "Makarian, Rudik"]
[Black "Flores Quillas, Diego Saul Rodri"]
[WhiteFideId "44105681"]
[BlackFideId "3822508"]
[WhiteElo "2398"]
[BlackElo "2167"]
[Result "1-0"]
[Round "04"]
[TimeControl "180+1"]
[Date "2022.06.07"]
[WhiteClock "0:00:42"]
[BlackClock "0:00:48"]

1. d3 d5 2. f4 Nc6 3. Nf3 Nf6 4. g3 g6 5. Bg2 Bg7 6. O-O O-O 7. c3 Re8 8. d4 Bf5 9. Nbd2 Qd7 10. Ne5 Nxe5 11. fxe5 Ne4 12. Nxe4 Bxe4 13. Bxe4 dxe4 14. Qb3 e6 15. Qxb7 Qd5 16. Qxd5 exd5 17. a4 Rab8 18. a5 a6 19. b4 Re6 20. Bg5 h6 21. Bf6 Bxf6 22. exf6 Rc6 23. Rac1 Re8 24. Kg2 Rc4 25. Kf2 Re6 26. Ke3 Kf8 27. g4 Rcc6 28. h4 Rc4 29. h5 g5 30. Rf5 c6 31. Kd2 Ke8 32. b5 axb5 33. Ra1 Kd7 34. a6 Re8 35. Re5 Ra8 36. Re7+ Kd6 37. e3 Ra4 38. Rxa4 bxa4 39. a7 c5 40. Kc2 cxd4 41. cxd4 Kc6 42. Rxf7 Kd6 43. Kb2 Ke6 44. Rh7 Kxf6 45. Rxh6+ Kg7 46. Ra6 1-0


[Site "https://www.chess.com"]

[Event "Titled Tuesday Blitz June 07 Late 2022"]
[White "Maksimovic, Bojan"]
[Black "Onslow, Alfie"]
[WhiteFideId "14408120"]
[BlackFideId "436976"]
[WhiteElo "2453"]
[BlackElo "1885"]
[Result "1-0"]
[Round "04"]
[TimeControl "180+1"]
[Date "2022.06.07"]
[WhiteClock "0:01:46"]
[BlackClock "0:00:05"]

1. c4 c5 2. Nc3 Nc6 3. g3 g6 4. Bg2 Bg7 5. Nf3 d6 6. O-O Nf6 7. d4 cxd4 8. Nxd4 Bd7 9. Nxc6 bxc6 10. Rb1 Rb8 11. b3 O-O 12. Bb2 Qc8 13. Re1 c5 14. Qd2 Bc6 15. e4 Nd7 16. Nd5 Bxd5 17. exd5 Bxb2 18. Rxb2 Qd8 19. Qg5 Ne5 20. Rbe2 f6 21. Qd2 Rf7 22. f4 Nd7 23. Re3 Qf8 24. Qe2 Re8 25. Re6 f5 26. Rxd6 exd6 27. Qxe8 Nf6 28. Qe6 Kg7 29. Bf3 Qd8 30. Kg2 Ne4 31. Bxe4 Re7 32. Bxf5 Rxe6 33. Bxe6 Qf6 34. Re2 Qd4 35. Bg4 Qd3 36. Bf3 Kf6 37. g4 Qd4 38. Kg3 Kf7 39. g5 Qg1+ 40. Bg2 Qd4 41. Re6 Qd3+ 42. Bf3 Qf5 43. Rf6+ Qxf6 44. gxf6 Kxf6 45. Kg4 h5+ 46. Kg3 Kf5 47. Bd1 h4+ 48. Kf3 g5 49. Bc2+ Kf6 50. Kg4 gxf4 51. Kxf4 h3 52. Bf5 a5 53. a4 1-0


[Site "https://www.chess.com"]

[Event "Titled Tuesday Blitz June 07 Late 2022"]
[White "Matlakov, Maxim"]
[Black "Barria Zuniga, Daniel"]
[WhiteFideId "4168003"]
[BlackFideId "3400816"]
[WhiteElo "2669"]
[BlackElo "2414"]
[Result "1-0"]
[Round "04"]
[TimeControl "180+1"]
[Date "2022.06.07"]
[WhiteClock "0:01:07"]
[BlackClock "0:00:03"]

1. Nf3 Nf6 2. b3 e6 3. Bb2 b5 4. e3 a6 5. d4 Bb7 6. Bd3 c5 7. Nbd2 Nc6 8. c4 b4 9. O-O a5 10. Ne4 Nxe4 11. Bxe4 f5 12. Bc2 Bd6 13. d5 exd5 14. Qxd5 Qe7 15. Rfd1 Bc7 16. Bxf5 O-O-O 17. Qd3 Rhf8 18. Be4 g5 19. Bd5 g4 20. Nd2 Bxh2+ 21. Kf1 Bg3 22. Ne4 Bxf2 23. Ke2 g3 24. Rh1 Ne5 25. Bxb7+ Kxb7 26. Qd5+ Nc6 27. Rad1 Qe8 28. Nd6+ 1-0


[Site "https://www.chess.com"]

[Event "Titled Tuesday Blitz June 07 Late 2022"]
[White "Nakamura, Hikaru"]
[Black "Bluebaum, Matthias"]
[WhiteFideId "2016192"]
[BlackFideId "24651516"]
[WhiteElo "2850"]
[BlackElo "2556"]
[Result "1-0"]
[Round "04"]
[TimeControl "180+1"]
[Date "2022.06.07"]
[WhiteClock "0:02:00"]
[BlackClock "0:00:17"]

1. Nf3 d5 2. b3 Bg4 3. Bb2 Nd7 4. e3 Ngf6 5. h3 Bh5 6. d3 a5 7. g4 Bg6 8. Nh4 a4 9. Nd2 a3 10. Bc1 e5 11. c3 Bd6 12. Nxg6 hxg6 13. Bg2 c6 14. b4 Qb6 15. Qb3 Qa6 16. c4 Qa4 17. g5 Nh7 18. cxd5 Bxb4 19. Qxa4 Rxa4 20. dxc6 bxc6 21. h4 c5 22. Ke2 Ke7 23. Nc4 Ra6 24. Rb1 Nhf8 25. Bd2 Bxd2 26. Kxd2 Ne6 27. Rb7 Kd8 28. Rb3 Ke7 29. Rxa3 Rxa3 30. Nxa3 Rb8 31. Nc4 Nb6 32. Nxe5 Nd8 33. Kc2 Kd6 34. f4 Nd5 35. Bxd5 Kxd5 36. a4 Ra8 37. Nc4 Ke6 38. a5 Nc6 39. Ra1 Nb4+ 40. Kd2 Rd8 41. Ra3 Na6 42. e4 Rh8 43. Rb3 Nb4 44. d4 Rxh4 45. dxc5 Rh1 46. Rxb4 Rh2+ 47. Kd3 Rh3+ 48. Ne3 Rxe3+ 49. Kxe3 f5 50. Rb6+ Kf7 51. e5 Kg8 52. Rxg6 Kh7 53. Rd6 Kh8 54. g6 Kg8 55. Kf3 Kf8 56. Kg3 Ke8 57. Kh4 Kf8 58. Kg5 Kg8 59. Kxf5 Kf8 60. Ke6 Ke8 61. Rd7 1-0


[Site "https://www.chess.com"]

[Event "Titled Tuesday Blitz June 07 Late 2022"]
[White "Pakleza, Zbigniew"]
[Black "Adla, Diego"]
[WhiteFideId "1119290"]
[BlackFideId "100072"]
[WhiteElo "2467"]
[BlackElo "2377"]
[Result "0-1"]
[Round "04"]
[TimeControl "180+1"]
[Date "2022.06.07"]
[WhiteClock "0:00:03"]
[BlackClock "0:00:15"]

1. d4 Nf6 2. Nf3 d5 3. Bf4 c5 4. c3 Nc6 5. Nbd2 Nh5 6. Be5 f6 7. Bg3 Nxg3 8. hxg3 e5 9. dxe5 fxe5 10. e4 d4 11. Bb5 Bd6 12. Nxe5 Bxe5 13. Bxc6+ bxc6 14. Qh5+ Kf8 15. Qxe5 Qe7 16. cxd4 cxd4 17. Qxd4 Ba6 18. Nb3 Kf7 19. f3 Rad8 20. Qc5 Qc7 21. Qf5+ Kg8 22. f4 g6 23. Qe6+ Kg7 24. e5 Rhf8 25. Rd1 Bd3 26. g4 Rxf4 27. Kd2 Bf5+ 28. Ke3 Bxe6 29. Kxf4 Rf8+ 30. Kg3 Qxe5+ 31. Kh3 Qe3+ 32. Kh2 Qf4+ 33. Kg1 Qf2+ 34. Kh2 Bd5 0-1


[Site "https://www.chess.com"]

[Event "Titled Tuesday Blitz June 07 Late 2022"]
[White "Paravyan, David"]
[Black "Xiong, Jeffery"]
[WhiteFideId "4194985"]
[BlackFideId "2047640"]
[WhiteElo "2569"]
[BlackElo "2714"]
[Result "1-0"]
[Round "04"]
[TimeControl "180+1"]
[Date "2022.06.07"]
[WhiteClock "0:01:47"]
[BlackClock "0:01:58"]

1. e4 e5 2. Nf3 Nc6 3. Nc3 Nf6 4. d4 exd4 5. Nxd4 Bb4 6. Nxc6 bxc6 7. Bd3 O-O 8. O-O d5 9. exd5 cxd5 10. Bg5 c6 11. Qf3 Bd6 12. Rae1 Rb8 13. Nd1 h6 14. Bxf6 Qxf6 15. Qxf6 gxf6 16. b3 f5 17. Ne3 f4 18. Nf5 Bxf5 19. Bxf5 Rbd8 20. Re2 Kg7 21. Rd1 Kf6 22. Bg4 Be5 23. g3 Rg8 24. Bf3 Rg5 25. c4 h5 26. Kf1 fxg3 27. hxg3 Rf5 28. Be4 Rg5 29. f4 Bxf4 30. gxf4 Rg4 31. cxd5 Rxf4+ 32. Rf2 Rxf2+ 33. Kxf2 Ke5 34. Re1 cxd5 35. Bxd5+ Kf4 36. Bxf7 Rf8 37. Bxh5 1-0


[Site "https://www.chess.com"]

[Event "Titled Tuesday Blitz June 07 Late 2022"]
[White "Rosen, Eric"]
[Black "Goncalves, Davi Sulzbacher"]
[WhiteFideId "2032562"]
[BlackFideId "2154510"]
[WhiteElo "2362"]
[BlackElo "2107"]
[Result "1/2-1/2"]
[Round "04"]
[TimeControl "180+1"]
[Date "2022.06.07"]
[WhiteClock "0:00:02"]
[BlackClock "0:00:07"]

1. d4 Nf6 2. Bf4 g6 3. Nc3 d5 4. e3 Bg7 5. h4 h6 6. Nf3 Bg4 7. Qd2 Bxf3 8. gxf3 c6 9. O-O-O Nbd7 10. e4 Nb6 11. Be5 Qd7 12. Bh3 e6 13. Qf4 Nh5 14. Qh2 O-O 15. Bg4 Nf6 16. Rdg1 Nc4 17. h5 g5 18. Bxf6 Bxf6 19. e5 Be7 20. f4 c5 21. fxg5 hxg5 22. Qf4 Kh8 23. Qg3 cxd4 24. Ne2 Qb5 25. Qb3 Qc5 26. f4 a5 27. Qd3 Ne3 28. Nxd4 gxf4 29. h6 Rac8 30. c3 b5 31. Be2 b4 32. Rg7 Nf5 33. Nxf5 bxc3 34. Rh7+ Kxh7 35. Nxe7+ Kh8 36. bxc3 Qxe7 37. Rg1 f5 38. exf6 Qxf6 39. Kc2 d4 40. c4 e5 41. Rg7 Qf5 42. Qxf5 Rxf5 43. Bd3 Rff8 44. Ra7 e4 45. Bxe4 Rxc4+ 46. Kd3 Rc3+ 47. Kxd4 Rh3 48. Rh7+ Kg8 49. Rg7+ Kh8 50. Rh7+ Kg8 51. Rg7+ Kh8 52. Rh7+ 1/2-1/2


[Site "https://www.chess.com"]

[Event "Titled Tuesday Blitz June 07 Late 2022"]
[White "Sadhwani, Raunak"]
[Black "Guz, Ari"]
[WhiteFideId "35093487"]
[BlackFideId "2825759"]
[WhiteElo "2616"]
[BlackElo "1913"]
[Result "1-0"]
[Round "04"]
[TimeControl "180+1"]
[Date "2022.06.07"]
[WhiteClock "0:02:41"]
[BlackClock "0:01:26"]

1. e4 c5 2. Nf3 e6 3. b3 b6 4. Bb2 Bb7 5. Nc3 Nf6 6. Qe2 d6 7. d4 cxd4 8. Nxd4 Nbd7 9. O-O-O a6 10. g4 h6 11. Bg2 Qc7 12. h4 g6 13. f4 Bg7 14. f5 gxf5 15. exf5 e5 16. Ndb5 axb5 17. Nxb5 1-0


[Site "https://www.chess.com"]

[Event "Titled Tuesday Blitz June 07 Late 2022"]
[White "Sarana, Alexey"]
[Black "Harsh Suresh"]
[WhiteFideId "24133795"]
[BlackFideId "45018464"]
[WhiteElo "2666"]
[BlackElo "2059"]
[Result "1-0"]
[Round "04"]
[TimeControl "180+1"]
[Date "2022.06.07"]
[WhiteClock "0:01:06"]
[BlackClock "0:00:35"]

1. d4 Nf6 2. c4 e6 3. Nc3 Bb4 4. e3 d5 5. Qa4+ Nc6 6. Nf3 O-O 7. Bd2 Bxc3 8. Bxc3 Ne4 9. Bd3 Nxc3 10. bxc3 Ne7 11. O-O b6 12. cxd5 exd5 13. c4 dxc4 14. Be4 Rb8 15. Qxc4 Be6 16. Qc2 g6 17. Ne5 c5 18. dxc5 Qc7 19. Nd3 Rbc8 20. c6 Rfd8 21. Rfc1 Bd5 22. Bxd5 Rxd5 23. Nb4 Rc5 24. Qb2 Nxc6 25. Rxc5 bxc5 26. Nd5 Qb8 27. Qc3 Qd6 28. Rd1 Nd4 29. Rxd4 cxd4 30. Qxc8+ Kg7 31. Qc4 dxe3 32. fxe3 h5 33. Qd4+ 1-0


[Site "https://www.chess.com"]

[Event "Titled Tuesday Blitz June 07 Late 2022"]
[White "Sargsyan, Anna M."]
[Black "Maghsoodloo, Parham"]
[WhiteFideId "13308130"]
[BlackFideId "12539929"]
[WhiteElo "2271"]
[BlackElo "2607"]
[Result "0-1"]
[Round "04"]
[TimeControl "180+1"]
[Date "2022.06.07"]
[WhiteClock "0:00:05"]
[BlackClock "0:01:39"]

1. d4 Nf6 2. c4 e6 3. Nf3 b6 4. g3 Ba6 5. Qc2 Bb4+ 6. Nbd2 c5 7. Bg2 Bb7 8. dxc5 Bxc5 9. O-O O-O 10. e4 Nc6 11. a3 a5 12. Nb3 e5 13. Rd1 d6 14. h3 a4 15. Nbd2 Ne8 16. Nf1 Nc7 17. Be3 Ne6 18. b4 axb3 19. Qxb3 Qc7 20. Bxc5 bxc5 21. Ne3 Ncd4 22. Qd3 Nxf3+ 23. Bxf3 Nd4 24. Bg2 Bc6 25. Kh2 Rfb8 26. Rdb1 h5 27. f4 Qa5 28. fxe5 dxe5 29. Nd5 Rxb1 30. Qxb1 Qd2 31. Ra2 Qg5 32. Qb6 h4 33. gxh4 Qxh4 34. Qxc5 Bxd5 35. exd5 Rb8 36. Ra1 Kh7 0-1


[Site "https://www.chess.com"]

[Event "Titled Tuesday Blitz June 07 Late 2022"]
[White "Shimanov, Aleksandr"]
[Black "Van Foreest, Jorden"]
[WhiteFideId "4198603"]
[BlackFideId "1039784"]
[WhiteElo "2605"]
[BlackElo "2609"]
[Result "1-0"]
[Round "04"]
[TimeControl "180+1"]
[Date "2022.06.07"]
[WhiteClock "0:00:04"]
[BlackClock "0:00:01"]

1. e4 c6 2. Nf3 d5 3. d3 dxe4 4. dxe4 Qxd1+ 5. Kxd1 Nd7 6. Nfd2 f5 7. Nc3 Ngf6 8. f3 Nc5 9. Bd3 Nxd3 10. cxd3 g6 11. Kc2 b6 12. a4 Ba6 13. b3 O-O-O 14. Nc4 Bg7 15. Bb2 Nh5 16. Rhd1 Nf4 17. g3 Ne6 18. Ne2 fxe4 19. fxe4 Bxb2 20. Nxb2 Rhf8 21. Rf1 Nc5 22. Nf4 e5 23. b4 exf4 24. bxc5 fxg3 25. hxg3 bxc5 26. Rf4 Kd7 27. Rh1 h5 28. Kc3 Ke6 29. Nc4 Rf6 30. Rhh4 Rd4 31. Nb2 Ke5 32. Rxf6 Kxf6 33. Rf4+ Ke7 34. g4 Bc8 35. gxh5 gxh5 36. Nc4 Be6 37. Ne5 Kd6 38. Nf7+ Ke7 39. Ng5 Bg8 40. Rh4 Kf6 41. Nf3 Rxa4 42. Rxh5 c4 43. Rf5+ Ke7 44. Ne5 Ra3+ 45. Kd4 c3 46. Rf2 Kd6 47. Nc4+ Bxc4 48. Kxc4 c5 49. Rc2 a5 50. Rxc3 Ra4+ 51. Kb3 Rb4+ 52. Kc2 a4 53. Ra3 Kc6 54. Kc3 Kb5 55. Ra1 Rb3+ 56. Kc2 Kb4 57. e5 a3 58. Rb1 c4 59. dxc4 a2 60. Rxb3+ 1-0


[Site "https://www.chess.com"]

[Event "Titled Tuesday Blitz June 07 Late 2022"]
[White "Sjugirov, Sanan"]
[Black "Moroni, Luca Jr"]
[WhiteFideId "4189302"]
[BlackFideId "865834"]
[WhiteElo "2602"]
[BlackElo "2573"]
[Result "1-0"]
[Round "04"]
[TimeControl "180+1"]
[Date "2022.06.07"]
[WhiteClock "0:00:25"]
[BlackClock "0:01:32"]

1. Nf3 d6 2. g3 g6 3. Bg2 Bg7 4. O-O Bd7 5. d4 Qc8 6. Re1 Nc6 7. e4 Bg4 8. c3 e5 9. Be3 Nf6 10. Nbd2 O-O 11. Qc2 h6 12. dxe5 Nxe5 13. Nxe5 dxe5 14. Nc4 Re8 15. a4 Bh3 16. Bxh3 Qxh3 17. f3 Bf8 18. a5 b5 19. Nd2 c5 20. a6 Qe6 21. c4 Rab8 22. Red1 Red8 23. b3 Kh7 24. cxb5 Rxb5 25. Nc4 Rxd1+ 26. Qxd1 Nd7 27. Qd3 Nb6 28. Nd2 Be7 29. Qxb5 h5 30. Bxc5 Bg5 31. Nc4 Nd7 32. Bxa7 h4 33. Bf2 hxg3 34. hxg3 1-0


[Site "https://www.chess.com"]

[Event "Titled Tuesday Blitz June 07 Late 2022"]
[White "Steinberg, Nitzan"]
[Black "Przybylski, Wojciech"]
[WhiteFideId "2801795"]
[BlackFideId "1117599"]
[WhiteElo "2471"]
[BlackElo "2133"]
[Result "1-0"]
[Round "04"]
[TimeControl "180+1"]
[Date "2022.06.07"]
[WhiteClock "0:00:09"]
[BlackClock "0:00:02"]

1. e4 e5 2. Nf3 Nc6 3. Bb5 Nf6 4. O-O Nxe4 5. Re1 Nd6 6. Nxe5 Be7 7. Bf1 Nf5 8. Nf3 O-O 9. d4 d5 10. Bf4 Nh4 11. Nxh4 Bxh4 12. c3 Be6 13. Bd3 Ne7 14. Bxh7+ Kxh7 15. Qh5+ Kg8 16. Qxh4 Ng6 17. Qxd8 Rfxd8 18. Bxc7 Rd7 19. Bg3 Rc8 20. Nd2 a6 21. a4 a5 22. f3 Rc6 23. Nb3 b6 24. Nc1 f6 25. h4 Bf7 26. Nd3 Re6 27. Bf2 Rde7 28. g4 Re2 29. h5 Nf8 30. Nf4 Rxe1+ 31. Rxe1 Rxe1+ 32. Bxe1 g5 33. hxg6 Nxg6 34. Nh5 f5 35. gxf5 Ne7 36. Nf6+ Kg7 37. Nd7 Nc8 38. Bh4 Be8 39. f6+ Kf7 40. Ne5+ Ke6 41. f7 Bxf7 42. Nxf7 Kxf7 43. b3 Ke6 44. Kf2 Kd7 45. Kg3 Nd6 46. Kf4 b5 47. Ke5 bxa4 48. bxa4 Nc4+ 49. Kxd5 Nb6+ 50. Ke4 Nxa4 51. c4 Nb2 52. c5 Kc6 53. Bf2 a4 54. d5+ Kc7 55. Bd4 a3 56. f4 Na4 57. f5 a2 58. Be5+ Kd8 59. c6 Nc5+ 60. Kf3 Nd3 61. Bc3 Nb4 62. Ke4 1-0


[Site "https://www.chess.com"]

[Event "Titled Tuesday Blitz June 07 Late 2022"]
[White "Svane, Frederik"]
[Black "Dubov, Daniil"]
[WhiteFideId "12923044"]
[BlackFideId "24126055"]
[WhiteElo "2459"]
[BlackElo "2791"]
[Result "0-1"]
[Round "04"]
[TimeControl "180+1"]
[Date "2022.06.07"]
[WhiteClock "0:00:05"]
[BlackClock "0:00:43"]

1. e4 e5 2. Nf3 Nc6 3. Bb5 a6 4. Ba4 Nf6 5. O-O Be7 6. d3 b5 7. Bb3 O-O 8. Nc3 Rb8 9. a3 d6 10. Be3 h6 11. h3 Re8 12. Re1 Bf8 13. a4 b4 14. Nd5 Nxd5 15. exd5 Ne7 16. c4 bxc3 17. bxc3 Ng6 18. a5 f5 19. Ba4 Bd7 20. Bc6 Ne7 21. Bxd7 Qxd7 22. c4 g5 23. Qc2 Bg7 24. Rab1 Bf6 25. Rxb8 Rxb8 26. Rb1 Qc8 27. Rb3 Kf7 28. Qb1 Rxb3 29. Qxb3 Kg6 30. c5 h5 31. c6 Qg8 32. Qb7 Qxd5 33. Qxa6 g4 34. hxg4 hxg4 35. Nd2 f4 36. Ba7 Qxc6 37. Qc4 Qxc4 38. Nxc4 Nc6 39. Bb6 cxb6 40. axb6 Bd8 0-1


[Site "https://www.chess.com"]

[Event "Titled Tuesday Blitz June 07 Late 2022"]
[White "Svane, Rasmus"]
[Black "Tica, Sven"]
[WhiteFideId "4657101"]
[BlackFideId "14526948"]
[WhiteElo "2674"]
[BlackElo "2346"]
[Result "1-0"]
[Round "04"]
[TimeControl "180+1"]
[Date "2022.06.07"]
[WhiteClock "0:00:47"]
[BlackClock "0:00:32"]

1. Nf3 g6 2. e4 Bg7 3. d4 a6 4. Bd3 b5 5. O-O Bb7 6. Re1 d6 7. Nbd2 Nd7 8. Nf1 c5 9. c3 c4 10. Bc2 e5 11. Ng3 Ne7 12. h4 O-O 13. h5 Qc7 14. Bg5 f6 15. Be3 Rae8 16. a4 f5 17. dxe5 dxe5 18. Bg5 f4 19. Nf1 Nc5 20. h6 Bf6 21. a5 Rd8 22. Qe2 Nd3 23. Reb1 Qc6 24. N1h2 Bxg5 25. Nxg5 Qf6 26. Ngf3 Qe6 27. b3 Ba8 28. bxc4 bxc4 29. Rb6 Rd6 30. Bxd3 cxd3 31. Qxd3 Rfd8 32. Qxa6 Bxe4 33. Ng5 Rd1+ 34. Rxd1 Rxd1+ 35. Nf1 Rxf1+ 36. Qxf1 1-0


[Site "https://www.chess.com"]

[Event "Titled Tuesday Blitz June 07 Late 2022"]
[White "Tanenbaum, Zachary"]
[Black "Tahbaz, Arash"]
[WhiteFideId "2060850"]
[BlackFideId "12528846"]
[WhiteElo "2175"]
[BlackElo "2389"]
[Result "1/2-1/2"]
[Round "04"]
[TimeControl "180+1"]
[Date "2022.06.07"]
[WhiteClock "0:00:07"]
[BlackClock "0:00:09"]

1. e4 c5 2. Nf3 g6 3. d4 cxd4 4. Nxd4 Nc6 5. Nc3 Bg7 6. Be3 Nf6 7. Bc4 d6 8. h3 Bd7 9. O-O O-O 10. Bb3 Na5 11. f4 Qc7 12. f5 Nc4 13. Bxc4 Qxc4 14. Qd2 b5 15. a3 Rac8 16. Rad1 a5 17. Qd3 b4 18. axb4 axb4 19. Nce2 b3 20. Qxc4 Rxc4 21. cxb3 Rc7 22. Nc3 Rb7 23. Ra1 e5 24. fxe6 fxe6 25. Ra6 Ne8 26. Rxf8+ Kxf8 27. Ra5 Bxd4 28. Bxd4 e5 29. Be3 Rxb3 30. Bc1 Bc6 31. Ra7 Rb4 32. Rxh7 Bxe4 33. Rh4 d5 34. Nxd5 Rd4 35. Nc3 Bd3 36. Rh8+ Kf7 37. Be3 Rd7 38. Rh7+ Ke6 39. Rxd7 Kxd7 40. Kf2 Nd6 41. b3 Ke6 42. g4 Bc2 43. b4 Bd3 44. Bc5 Nb7 45. Ke3 Bc4 46. h4 Nd8 47. h5 gxh5 48. gxh5 Nf7 49. Ne4 Kf5 50. Nd6+ Nxd6 51. Bxd6 Kg5 52. Bxe5 Kxh5 53. Kd4 Bf1 54. Kc5 Kg6 55. b5 Bxb5 1/2-1/2


[Site "https://www.chess.com"]

[Event "Titled Tuesday Blitz June 07 Late 2022"]
[White "Uskov, Artem"]
[Black "Moussard, Jules"]
[WhiteFideId "34254854"]
[BlackFideId "642908"]
[WhiteElo "2335"]
[BlackElo "2589"]
[Result "0-1"]
[Round "04"]
[TimeControl "180+1"]
[Date "2022.06.07"]
[WhiteClock "0:02:05"]
[BlackClock "0:02:40"]

1. e4 e5 2. f4 d6 3. Nf3 Nc6 4. Bb5 Bd7 5. O-O Qe7 6. c3 a6 7. Ba4 exf4 8. d4 g5 9. d5 Ne5 10. Bxd7+ Nxd7 11. Nd4 Nh6 12. Nd2 Bg7 13. N2f3 O-O 14. Nxg5 Qxg5 15. Bxf4 Qg6 16. Bxh6 Bxd4+ 17. Qxd4 Qxh6 18. Rf3 Ne5 19. Rg3+ Kh8 20. Rf1 Rg8 21. Qf2 Rxg3 22. hxg3 Ng4 23. Qd4+ f6 24. Rf4 Rg8 25. Kf1 Qh1+ 26. Ke2 Qxg2+ 27. Kd1 Qxg3 28. Rxf6 Nxf6 29. Qxf6+ Qg7 0-1


[Site "https://www.chess.com"]

[Event "Titled Tuesday Blitz June 07 Late 2022"]
[White "Vajda, Levente"]
[Black "Bringas Gomez, Artai"]
[WhiteFideId "1203975"]
[BlackFideId "24534064"]
[WhiteElo "2573"]
[BlackElo "1988"]
[Result "1/2-1/2"]
[Round "04"]
[TimeControl "180+1"]
[Date "2022.06.07"]
[WhiteClock "0:00:10"]
[BlackClock "0:00:07"]

1. e4 c6 2. d4 d5 3. exd5 cxd5 4. c4 Nf6 5. Nc3 Nc6 6. Nf3 Bg4 7. Be2 e6 8. O-O Be7 9. Be3 O-O 10. Rc1 Rc8 11. c5 Bxf3 12. Bxf3 e5 13. dxe5 Nxe5 14. Bxd5 Bxc5 15. Bxc5 Rxc5 16. Bxb7 Qb8 17. Qb3 Neg4 18. g3 Rh5 19. Bf3 Qxb3 20. axb3 Nxh2 21. Bxh5 Nxf1 22. Be2 Nd2 23. b4 Rc8 24. Ra1 h5 25. Rxa7 Nc4 26. b5 Nxb2 27. b6 Rxc3 28. b7 Rb3 29. Ra8+ Kh7 30. b8=Q Rxb8 31. Rxb8 Na4 32. Bd3+ g6 33. Rc8 Nb6 34. Rc6 Nbd7 35. f4 Kg7 36. Bc4 Kf8 37. Kf2 Ke7 38. Kf3 Ng4 39. Rc7 Kd8 40. Ra7 Nh6 41. Bb3 Nb6 42. Bxf7 Nc8 43. Ra6 Nxf7 44. Rxg6 Ke7 45. Rc6 Ncd6 46. Rc5 h4 47. g4 Kf6 48. Rh5 Kg6 49. Rxh4 Ne8 50. Rh1 Nf6 51. Ra1 Ne8 52. Ra6+ Ned6 53. Kg3 Kf6 54. Kh4 Kg7 55. g5 Nf5+ 56. Kg4 Ne3+ 57. Kh5 Nf5 58. Rg6+ Kh7 59. Rf6 N7d6 60. Kg4 Ne3+ 61. Kf3 Nef5 62. Re6 Kg7 63. Re5 Kg6 64. Kg4 Ng7 65. Ra5 Ngf5 66. Ra6 Ne3+ 67. Kf3 Nf5 68. Ke2 Nd4+ 69. Kd3 Nf5 70. Ra1 Kh5 71. Rg1 Kg6 72. Rg2 Kh5 73. g6 Ng7 74. Kd4 Kh6 75. Ke5 Nc4+ 76. Kf6 Nh5+ 77. Kf7 Nd6+ 78. Kf8 Nf5 79. g7 Nfxg7 80. Kf7 Nf5 81. Rh2 Ng7 82. f5 Nxf5 83. Ke6 Ng7+ 84. Kd5 Nf5 85. Ke5 Ng7 86. Kd5 Kg6 87. Ke5 Kg5 88. Kd5 Kf4 89. Rf2+ Ke3 90. Rf7 Kd3 91. Rf3+ Ke2 92. Rf7 Ke3 93. Kc6 Ke4 94. Kb7 Ke5 95. Ka8 Kd6 96. Rf1 Ne6 97. Rd1+ Ke7 98. Re1 Ng7 99. Rd1 Nf5 100. Re1 Nd4 101. Rd1 Kd6 102. Rd2 Kc7 103. Rxd4 Nxd4 1/2-1/2


[Site "https://www.chess.com"]